 Dungeon Crawl Stone Soup version 0.19.1-1-g22dce08 (webtiles) character file.

11342 Queen the Fencer (level 11, -6/123 HPs)
             Began as a Minotaur Berserker on Jan 19, 2017.
             Was a High Priest of Trog.
             Mangled by a tentacled monstrosity (8 damage)
             ... on level 1 of the Abyss.
             The game lasted 00:45:21 (9972 turns).

Queen the Fencer (Minotaur Berserker)               Turns: 9972, Time: 00:45:23

Health: -6/123     AC: 15    Str: 28    XL:     11   Next: 48%
Magic:  0/3        EV:  5    Int:  4    God:    Trog [*****.]
Gold:   650        SH:  0    Dex: 18    Spells: 0 memorised, 10 levels left

rFire  . . .     SeeInvis .     R - +1 triple sword (antimagic)
rCold  . . .     Gourm    .     S - +0 plate armour
rNeg   . . .     Faith    .     (shield currently unavailable)
rPois  .         Spirit   +     (helmet restricted)
rElec  .         Reflect  .     b - +2 cloak
rCorr  .         Harm     .     D - +0 pair of gloves
MR     +++..                    (no boots)
Stlth  ..........               i - amulet of guardian spirit
                                N - ring of protection from magic
                                r - +6 ring of dexterity

@: berserking (expiring), recuperating, diseased, constricted, very quick
A: retaliatory headbutt, horns 2
a: Berserk, Trog's Hand, Brothers in Arms, Burn Spellbooks, Renounce Religion


You were on level 1 of the Abyss.
You worshipped Trog.
Trog was extremely pleased with you.
You were near starving.

You visited 1 branch of the dungeon, and saw 11 of its levels.
You visited the Abyss 1 time.

You collected 650 gold pieces.

Inventory:

Hand Weapons
 R - a +1 antimagic triple sword (weapon)
Missiles
 u - 9 tomahawks (quivered)
Armour
 b - a +2 cloak (worn)
 D - a +0 pair of gloves (worn)
 S - a +0 plate armour (worn)
Jewellery
 i - an amulet of guardian spirit (around neck)
 o - a cursed amulet of inaccuracy {unknown}
 r - a +6 ring of dexterity (left hand)
 v - an uncursed amulet of rage {unknown}
 y - a +3 amulet of reflection {unknown}
 M - an uncursed ring of ice
 N - a ring of protection from magic (right hand)
Wands
 a - a wand of lightning (6/15)
 p - a wand of disintegration (12/24)
 q - a wand of iceblast (7/15)
 I - a wand of flame (1/48)
 Q - a wand of paralysis (3/24)
Scrolls
 d - a scroll of blinking
 g - 6 scrolls of remove curse
 h - a scroll of enchant weapon {unknown}
 t - a scroll of enchant armour
 x - a scroll of fog {unknown}
 z - a scroll of immolation
 G - a scroll of summoning {unknown}
 J - 2 scrolls of recharging {unknown}
 L - a scroll of holy word {unknown}
Potions
 e - a potion of might
 j - a potion of curing
 m - a potion of berserk rage
 n - 2 potions of magic {unknown}
 w - 5 potions of flight {unknown}
 A - 3 potions of brilliance {unknown}
 B - 4 potions of degeneration {unknown}
 F - 2 potions of lignification {unknown}
 H - 2 potions of mutation {unknown}
 K - 2 potions of resistance {unknown}
Books
 O - a book of Maledictions

   Spells                             Type                      Level
   a - Corona                         Hexes                        1
   b - Ensorcelled Hibernation        Hexes/Ice                    2
   c - Confuse                        Hexes                        3
   d - Tukima's Dance                 Hexes                        3
   e - Dazzling Spray                 Conjuration/Hexes            3
   Trog disapproves of the use of such an item.
Comestibles
 c - 6 bread rations
 f - 4 beef jerkies
 k - 2 meat rations
 s - 34 fruits
 C - 2 slices of pizza


   Skills:
 - Level 3.6 Fighting
 + Level 19.9 Long Blades
 - Level 2.4 Armour
 - Level 2.1 Dodging


You had 10 spell levels left.
You didn't know any spells.

Dungeon Overview and Level Annotations

Branches:
Dungeon (11/15)            Temple (0/1) D:5            Lair (0/6) D:8
    Orc (0/2) D:10

Altars:
Ashenzari
Cheibriados
Dithmenos
Gozag
Makhleb
Nemelex Xobeh
Qazlal
Ru
Sif Muna
Trog
Uskayaw
Vehumet
Xom
The Shining One
Beogh

Shops:
D:4 =


Innate Abilities, Weirdness & Mutations

You reflexively headbutt those who attack you in melee.
You have a pair of horns on your head.


Message History

You barely miss the tentacled monstrosity.
You headbutt the tentacled monstrosity!
The tentacled monstrosity is lightly wounded.
Your plate armour prevents you from hitting the tentacled monstrosity.
The tentacled monstrosity is lightly wounded.
The tentacled monstrosity tentacle-slaps you but does no damage.
The tentacled monstrosity tentacle-slaps you.
* * * LOW HITPOINT WARNING * * *
The tentacled monstrosity tentacle-slaps you but does no damage.
* * * LOW HITPOINT WARNING * * *
The tentacled monstrosity constricts you!
You slash the tentacled monstrosity!
The tentacled monstrosity is lightly wounded.
You cut the tentacled monstrosity into ribbons!!!
Your headbutt misses the tentacled monstrosity.
The tentacled monstrosity is heavily wounded.
The tentacled monstrosity tentacle-slaps you!
* * * LOW HITPOINT WARNING * * *
The tentacled monstrosity tentacle-slaps you but does no damage. x2
You die...

..##...# #.# #.
##..#.#.. .#..#
. #.. ... ##
#... . #...
.#.## . .
#...#....# #x.
##.#. #.#.#.#
### #. .#
.#x###..## .
..#.
#..##X#..#.#...
. #
...##@.....# #
.##...
#...###.. .
.#...#.........
# .# #
#.....#..# # #
#....... #
#.....##.#
#..##.. . ###.
..# # ...


You could see a tentacled monstrosity and a small abomination.

Vanquished Creatures
  The ghost of alp the Grappler, a novice TrMo (D:8)
  A thrashing horror (Abyss:1)
  An unseen horror (D:10)
  A cyclops (D:11)
  2 centaur skeletons (D:10)
  A kobold demonologist (D:10)
  2 ancient zymes (Abyss:1)
  A hornet (D:10)
  A raiju (Abyss:1)
  4 hippogriffs
  A flying skull (Abyss:1)
  A wraith (D:10)
  2 yaks (D:10)
  A basilisk (D:11)
  A small abomination (Abyss:1)
  A hungry ghost (D:7)
  3 phantoms
  A sky beast (D:10)
  8 orc warriors (D:10)
  3 black bears
  2 necrophages
  An ogre (D:6)
  3 centaurs
  A crocodile (D:8)
  17 big kobolds
  3 bullfrogs
  A wyvern zombie (D:8)
  A scorpion (D:9)
  8 killer bees
  5 wights (D:9)
  4 howler monkeys
  6 crimson imps
  2 centaur zombies
  6 hounds
  3 jellies
  3 bullfrog skeletons
  7 orc priests
  A gnoll shaman (D:5)
  11 orc wizards
  5 worker ants
  4 iguanas
  A hound skeleton (D:10)
  3 worker ant zombies
  17 gnolls
  9 adders
  3 oozes
  2 adder skeletons (D:4)
  A worm (D:6)
  3 dart slugs
  7 leopard geckos
  44 orcs
  3 ball pythons
  9 giant cockroaches
  8 hobgoblins
  4 jackals (D:5)
  4 quokkas
  13 bats
  3 frilled lizards
  9 goblins
  2 jackal skeletons
  A jackal zombie (D:8)
  17 kobolds
  6 rats
300 creatures vanquished.

Notes
Turn   | Place    | Note
-------+----------+-------------------------------------------
     0 | D:1      | Queen the Minotaur Berserker began the quest for the Orb.
     0 | D:1      | Reached XP level 1. HP: 19/19 MP: 0/0
    27 | D:1      | Reached skill level 4 in Long Blades
    71 | D:1      | Reached XP level 2. HP: 16/26 MP: 1/1
   797 | D:1      | Reached skill level 5 in Long Blades
  1040 | D:2      | Reached XP level 3. HP: 30/31 MP: 2/2
  1047 | D:2      | Reached ** piety under Trog
  1413 | D:2      | Found a shattered altar of Ashenzari.
  1683 | D:2      | Found a deep blue altar of Sif Muna.
  1732 | D:2      | Reached XP level 4. HP: 39/39 MP: 3/3
  1901 | D:3      | Reached skill level 6 in Long Blades
  2082 | D:3      | Reached skill level 7 in Long Blades
  2082 | D:3      | Reached XP level 5. HP: 11/45 MP: 4/4
  2509 | D:3      | Found a glowing golden altar of the Shining One.
  2710 | D:3      | Found a sacrificial altar of Ru.
  2714 | D:3      | Found a shimmering altar of Xom.
  3275 | D:4      | Reached skill level 8 in Long Blades
  3277 | D:4      | Reached XP level 6. HP: 42/51 MP: 3/5
  3306 | D:4      | Reached *** piety under Trog
  3401 | D:4      | Reached skill level 9 in Long Blades
  3531 | D:4      | Reached XP level 7. HP: 53/57 MP: 4/6
  3591 | D:4      | Found Nonin's Jewellery Shop.
  3651 | D:4      | Found a snail-covered altar of Cheibriados.
  3664 | D:4      | Found a shadowy altar of Dithmenos.
  4304 | D:5      | Entered Level 5 of the Dungeon
  4504 | D:5      | Reached skill level 10 in Long Blades
  4518 | D:5      | Found a staircase to the Ecumenical Temple.
  4785 | D:5      | Found a burning altar of Makhleb.
  4786 | D:5      | Found a radiant altar of Vehumet.
  4869 | D:5      | Reached **** piety under Trog
  4888 | D:5      | Reached skill level 11 in Long Blades
  5213 | D:6      | Reached XP level 8. HP: 55/64 MP: 4/7
  5681 | D:6      | Reached skill level 12 in Long Blades
  5682 | D:6      | Found a hide-covered altar of Uskayaw.
  5852 | D:6      | Found a stormy altar of Qazlal.
  5852 | D:6      | Found a faded altar of an unknown god.
  5857 | D:6      | Found a faded altar of an unknown god.
  5859 | D:6      | Found a faded altar of an unknown god.
  5861 | D:6      | Found a faded altar of an unknown god.
  5936 | D:7      | Noticed a hippogriff
  5941 | D:7      | Killed a hippogriff
  6081 | D:7      | Found a bloodstained altar of Trog.
  6239 | D:7      | Reached skill level 13 in Long Blades
  6450 | D:7      | Reached XP level 9. HP: 63/70 MP: 8/8
  6524 | D:7      | Reached skill level 14 in Long Blades
  6538 | D:8      | Noticed alp's ghost (novice TrMo)
  6851 | D:8      | Killed alp's ghost
  6851 | D:8      | Reached skill level 15 in Long Blades
  7263 | D:8      | Found an opulent altar of Gozag.
  7359 | D:8      | Found a staircase to the Lair.
  7369 | D:8      | Reached skill level 16 in Long Blades
  7483 | D:9      | Reached ***** piety under Trog
  7633 | D:9      | Found a sparkling altar of Nemelex Xobeh.
  7681 | D:9      | Reached XP level 10. HP: 71/77 MP: 9/9
  8149 | D:10     | Entered Level 10 of the Dungeon
  8159 | D:10     | Reached skill level 17 in Long Blades
  8230 | D:10     | Killed an unseen horror
  8531 | D:10     | Paralysed by a hornet for 3 turns
  8695 | D:10     | Reached skill level 18 in Long Blades
  8696 | D:10     | Noticed a rust devil
  9115 | D:10     | Paralysed by a kobold for 2 turns
  9165 | D:10     | Reached XP level 11. HP: 72/82 MP: 10/10
  9269 | D:10     | Reached skill level 19 in Long Blades
  9281 | D:10     | Received a gift from Trog
  9381 | D:10     | Found a roughly hewn altar of Beogh.
  9381 | D:10     | Found a staircase to the Orcish Mines.
  9696 | D:10     | Cast into level 1 of the Abyss (big kobold)
  9735 | Abyss:1  | Noticed a shadow demon
  9752 | Abyss:1  | Noticed an angel
  9757 | Abyss:1  | Noticed a sun demon
  9949 | Abyss:1  | Noticed a thrashing horror
  9953 | Abyss:1  | Noticed a tentacled monstrosity
  9967 | Abyss:1  | Killed a thrashing horror
  9972 | Abyss:1  | HP: 2/123 [tentacled monstrosity (13)]
  9972 | Abyss:1  | Mangled by a tentacled monstrosity

Skill      XL: |  1  2  3  4  5  6  7  8  9 10 11 |
---------------+----------------------------------+-----
Long Blades    | 4 5 7 8 9 11 13 16 18 19 | 19.9
Fighting       | |  3.6
Armour         | |  2.4
Dodging        | |  2.1

Action                   |  1- 3 |  4- 6 |  7- 9 | 10-12 || total
-------------------------+-------+-------+-------+-------++-------
Melee: Falchion          |    98 |    33 |       |       ||   131
       Headbutt          |    17 |    26 |    71 |   103 ||   217
       Long sword        |       |    95 |   139 |       ||   234
       Great sword       |       |       |   145 |   248 ||   393
       Triple sword      |       |       |       |    50 ||    50
Invok: Trog's Hand       |       |     1 |     2 |     8 ||    11
       Berserk           |       |       |     2 |     5 ||     7
       Burn Spellbooks   |       |       |     1 |       ||     1
  Use: Scroll            |       |     4 |     6 |     2 ||    12
 Stab: Invisible         |       |       |       |     8 ||     8
  Eat: Chunk             |     3 |     6 |    18 |    11 ||    38
       Beef jerky        |       |       |       |     2 ||     2
Armor: Animal skin       |     3 |       |       |       ||     3
       Ring mail         |    39 |    20 |       |       ||    59
       Chain mail        |       |    39 |   140 |   114 ||   293
       Plate armour      |       |       |       |    61 ||    61
Dodge: Dodged            |    56 |    60 |   113 |   127 ||   356
       Rpst.: Falchion   |    13 |     7 |       |       ||    20
       Long sword        |       |    12 |    14 |       ||    26
       Great sword       |       |       |    19 |    25 ||    44
       Triple sword      |       |       |       |     4 ||     4
